 Dungeon Crawl Stone Soup version 0.26-a0-36-g11e0b32562 (webtiles) character file.

Game seed: 1239049976773583439, levelgen mode: deterministic

10911 1994 the Fighter (level 11, -4/97 HPs)
             Began as a Red Draconian Transmuter on May 30, 2020.
             Was a Believer of Makhleb.
             Slain by a skeletal warrior
             ... wielding a +0 trident
              (13 damage)
             ... on level 10 of the Dungeon.
             The game lasted 00:49:21 (15602 turns).

1994 the Fighter (Red Draconian Transmuter)        Turns: 15602, Time: 00:49:21

Health: -4/97      AC:  9    Str: 12    XL:     11   Next: 42%
Magic:  13/19      EV: 15    Int: 17    God:    Makhleb [**....]
Gold:   750        SH:  0    Dex: 12    Spells: 4/20 levels left

rFire    . . .     SeeInvis .     - Unarmed
rCold    + . .     Gourm    .   (no shield)
rNeg     . . .     Faith    .   (armour unavailable)
rPois    +         Spirit   .   (helmet restricted)
rElec    .         Reflect  .   F - +0 cloak
rCorr    .         Harm     .   (no gloves)
MR       .....                  C - +0 pair of boots
Stlth    +.........             (no amulet)
HPRegen  0.26/turn              k - ring of poison resistance
MPRegen  0.16/turn              x - ring of ice

@: short of breath, appendage
A: breathe fire, unfitting armour, horns 2, fire resistance 1, cold-blooded, AC
+7
a: Breathe Fire, End Transformation, Minor Destruction, Renounce Religion


You were on level 10 of the Dungeon.
You worshipped Makhleb.
Makhleb was pleased with you.
You were hungry.
You had grown temporary horns.
You visited 2 branches of the dungeon, and saw 12 of its levels.
You also visited: Ossuary.

You collected 750 gold pieces.

Inventory:

Hand Weapons
 B - a +3 whip of venom
Missiles
 a - 177 arrows
 e - 200 stones (quivered)
 f - 37 sling bullets
Armour
 C - a +0 pair of boots (worn)
 F - a +0 cloak (worn)
Magical Staves
 t - an uncursed staff of fire
 G - an uncursed staff of cold
 H - an uncursed staff of air
Jewellery
 k - a ring of poison resistance (left hand)
 x - a ring of ice (right hand)
 K - an uncursed ring of protection from fire {unknown}
Wands
 r - a wand of flame (19)
 y - a wand of random effects (32)
 I - a wand of acid (8)
 J - a wand of paralysis (6)
Scrolls
 h - 2 scrolls of magic mapping
 j - 3 scrolls of remove curse
 l - 2 scrolls of blinking
 o - a scroll of torment {unknown}
 u - 6 scrolls of teleportation
 v - a scroll of immolation
 w - a scroll of fog
 z - a scroll of vulnerability {unknown}
 E - 4 scrolls of identify
Potions
 b - 2 potions of might
 d - a potion of magic
 g - 2 potions of cancellation
 i - 12 potions of curing
 m - a potion of invisibility {unknown}
 n - a potion of lignification {unknown}
 p - 2 potions of resistance {unknown}
 q - 4 potions of stabbing
 s - 2 potions of experience {unknown}
 A - a potion of heal wounds {unknown}
 D - 2 potions of mutation {unknown}
Comestibles
 c - 24 rations


   Skills:
 * Level 9.3 Fighting
 - Level 5.8 Dodging
 * Level 9.0 Unarmed Combat
 + Level 5.4 Spellcasting
 + Level 3.4 Charms
 * Level 8.9 Transmutations
 + Level 2.5 Ice Magic
 - Level 3.0 Poison Magic
 + Level 2.8 Invocations


You had 4 spell levels left.
You knew the following spells:

 Your Spells              Type           Power        Failure   Level  Hunger
a - Beastly Appendage     Tmut           #####.       1%          1    None
b - Sticks to Snakes      Tmut           #####...     1%          2    #......
c - Spider Form           Tmut/Pois      ###.......   3%          3    ##.....
d - Blade Hands           Tmut           #####.....   10%         5    ######.
e - Ozocubu's Armour      Chrm/Ice       ###.....     12%         3    ##.....
f - Song of Slaying       Chrm           ###.....     4%          2    #......

Your spell library contained the following spells:

 Spells                   Type           Power        Failure   Level  Hunger
 Infusion                 Chrm           ###.         3%          1    None
 Shroud of Golubria       Chrm/Tloc      ##....       10%         2    #......
 Swiftness                Chrm/Air       ##......     10%         2    #......
 Ice Form                 Ice/Tmut       #####...     13%         4    ####...
 Animate Skeleton         Necr           N/A          14%         1    None
 Apportation              Tloc           #.....       14%         1    None
 Corona                   Hex            #......      14%         1    None
 Magic Dart               Conj           #...         14%         1    None
 Summon Small Mammal      Summ           #...         14%         1    None
 Searing Ray              Conj           #.....       21%         2    #......
 Spectral Weapon          Hex/Chrm       ##......     21%         3    ##.....
 Petrify                  Tmut/Erth      ###.....     22%         4    ####...
 Confusing Touch          Hex            #.......     38%         3    ##.....
 Dazzling Flash           Conj/Hex       #.....       38%         3    ##.....
 Gell's Gravitas          Tloc           #.........   38%         3    ##.....
 Fulminant Prism          Conj/Hex       #.........   80%         4    ####...
 Iskenderun's Mystic Bla  Conj/Tloc      #.......     80%         4    ####...
 Yara's Violent Unravell  Hex/Tmut       ###.......   52%         5    ######.
 Metabolic Englaciation   Hex/Ice        ##........   92%         5    ######.
 Ring of Flames           Chrm/Fire      ##........   100%        7    #######
 Shatter                  Erth           #.........   100%        9    #######


Dungeon Overview and Level Annotations

Branches:
Dungeon (11/15)            Temple (1/1) D:7            Lair (0/6) D:9
    Orc (0/2) D:11        Ossuary (visited)

Altars:
Ashenzari
Cheibriados
Dithmenos
Elyvilon
Fedhas
Gozag
Hepliaklqana
Kikubaaqudgha
Makhleb
Nemelex Xobeh
Okawaru
Qazlal
Ru
Sif Muna
Trog
Uskayaw
Vehumet
Wu Jian
Xom
Yredelemnul
Zin
The Shining One

Shops:
D:9 [


Innate Abilities, Weirdness & Mutations

You can breathe blasts of fire.
Your fiery red scales are hard. (AC +7)
You cannot fit into any form of body armour.
Your flesh is heat resistant. (rF+)
You are cold-blooded and may be slowed by cold attacks.
You have a pair of horns on your head.


Message History

Unknown command.
You closely miss the skeletal warrior.
The skeletal warrior is heavily damaged.
The skeletal warrior is engulfed in blazing flames.
The skeletal warrior hits you but does no damage.
Unknown command.
Unknown command.
You hit the skeletal warrior but do no damage.
The skeletal warrior is heavily damaged.
You completely miss the skeletal warrior.
The skeletal warrior is heavily damaged.
The skeletal warrior hits you with a +0 trident!
You closely miss the skeletal warrior.
Your headbutt misses the skeletal warrior.
The skeletal warrior is heavily damaged.
The skeletal warrior hits you with a +0 trident!!
* * * LOW HITPOINT WARNING * * *
Your icy armour cracks and falls away as you move.
The skeletal warrior hits you from afar with a +0 trident!
You die...

###.#
#.......
#.#
#.......
#.#
#.......
#.#
#.......
#.#
#.......
#.##
#.......
#..#
#.......
##.#
#.......
#@#
#.......
#.#
#.......
#z#
#.......
#.#
###'####
###'###
#...#
#.....#
###.######
#.....#
#........#
#.....#
#........#
#.....#
#...[.....


You could see a skeletal warrior.

Vanquished Creatures
  Josephine (D:11)
  2 two-headed ogres
  A skeletal warrior (D:10)
  2 ugly things
  A centaur skeleton (D:10)
  The ghost of stillor the Ducker, an amateur GnMo (D:4)
  Prince Ribbit (D:5)
  A spriggan (D:7)
  2 wyverns
  2 yaks (D:9)
  A wraith (D:10)
  Menkaure (D:5)
  3 wargs
  Edmund (D:4)
  5 orc warriors
  Duvessa (D:5)
  An ice beast (D:5)
  2 sky beasts
  A necrophage (D:8)
  3 phantoms
  2 black bears
  6 ogres
  6 centaurs
  2 crocodiles
  The ghost of r0y the Cudgeler, an amateur GrFi (D:3)
  7 bullfrogs
  Dowan (D:5)
  3 scorpions
  7 wights
  A centaur zombie (D:9)
  2 crimson imps
  5 hounds
  A quasit (D:7)
  3 jellies
  A gnoll shaman (D:4)
  11 orc wizards
  9 orc priests
  3 bullfrog skeletons
  Jessica (D:8)
  3 iguanas
  9 worker ants
  2 big kobold zombies (Ossuary)
  3 mummies
  A worker ant zombie (D:6)
  13 gnolls
  16 adders
  5 shadow imps
  4 oozes
  An adder skeleton (D:5)
  5 adder zombies
  3 worms
  4 leopard geckos
  26 orcs
  2 ball pythons
  5 bats
  5 giant cockroaches
  7 goblins
  8 hobgoblins
  15 jackals
  3 quokkas
  6 frilled lizards
  A goblin zombie (Ossuary)
  9 hobgoblin zombies (Ossuary)
  A jackal zombie (Ossuary)
  8 kobolds
  15 kobold zombies (Ossuary)
  6 orc zombies (Ossuary)
  5 rats
  A rat zombie (Ossuary)
297 creatures vanquished.

Notes
Turn   | Place    | Note
-------+----------+-------------------------------------------
     0 | D:1      | 1994 the Draconian Transmuter began the quest for the Orb.
     0 | D:1      | Reached XP level 1. HP: 16/16 MP: 3/3
   194 | D:1      | Reached XP level 2. HP: 19/23 MP: 5/5
   249 | D:1      | Learned a level 2 spell: Sticks to Snakes
  1048 | D:2      | Reached XP level 3. HP: 29/29 MP: 4/6
  1053 | D:2      | Learned a level 3 spell: Spider Form
  1083 | D:2      | Found a sacrificial altar of Ru.
  1350 | D:2      | Reached XP level 4. HP: 33/36 MP: 5/7
  1770 | D:2      | Reached skill level 1 in Poison Magic
  1880 | D:2      | Found an opulent altar of Gozag.
  1880 | D:2      | Found a glowing silver altar of Zin.
  2524 | D:3      | Noticed r0y's ghost (amateur GrFi)
  2524 | D:3      | Noticed an ogre
  2525 | D:3      | Noticed an ogre
  2526 | D:3      | Found a transporter.
  2526 | D:3      | Found a transporter.
  2526 | D:3      | Noticed an ogre
  2690 | D:3      | Reached XP level 5. HP: 34/42 MP: 6/8
  3205 | D:3      | Found a hazy altar of Hepliaklqana.
  3274 | D:4      | Found a blossoming altar of Fedhas.
  3301 | D:4      | Noticed Edmund
  3327 | D:4      | Killed Edmund
  3327 | D:4      | Reached XP level 6. HP: 46/51 MP: 7/10
  3355 | D:4      | Found a sand-covered staircase.
  3532 | Ossuary  | Entered an ossuary
  4073 | Ossuary  | HP: 1/52 [mummy (20)]
  4719 | D:4      | Found a runed translucent gate.
  4723 | D:4      | Found a runed translucent gate.
  4723 | D:4      | Found a runed translucent gate.
  4766 | D:4      | Your scales start taking on a fiery red colour.
  4766 | D:4      | Reached XP level 7. HP: 58/58 MP: 7/11
  4766 | D:4      | Gained mutation: Your flesh is heat resistant. (rF+) [Red
                  | Draconian growth]
  4778 | D:4      | Noticed stillor's ghost (amateur GnMo)
  5065 | D:4      | Reached skill level 5 in Unarmed Combat
  5758 | D:4      | Learned a level 5 spell: Blade Hands
  5773 | D:4      | Killed stillor's ghost
  5773 | D:4      | Reached XP level 8. HP: 44/66 MP: 12/12
  6030 | D:3      | Reached skill level 5 in Dodging
  6336 | D:3      | Killed r0y's ghost
  6392 | D:5      | Entered Level 5 of the Dungeon
  6525 | D:5      | Noticed Menkaure
  6528 | D:5      | Killed Menkaure
  6641 | D:5      | Noticed Prince Ribbit
  6655 | D:5      | Killed Prince Ribbit
  6655 | D:5      | Reached skill level 5 in Fighting
  6655 | D:5      | Reached skill level 5 in Transmutations
  7186 | D:5      | Noticed Duvessa
  7202 | D:5      | Noticed Dowan
  7205 | D:5      | Killed Duvessa
  7226 | D:5      | Killed Dowan
  7226 | D:5      | Reached XP level 9. HP: 64/74 MP: 14/14
  8159 | D:6      | Found a glowing silver altar of Zin.
  8419 | D:6      | Found an iron altar of Okawaru.
  8580 | D:7      | Found a sacrificial altar of Ru.
  8731 | D:7      | Found a bloodstained altar of Trog.
  9011 | D:7      | Found a shimmering altar of Xom.
  9265 | D:7      | Noticed a two-headed ogre
  9286 | D:7      | Killed a two-headed ogre
  9286 | D:7      | Reached XP level 10. HP: 30/86 MP: 14/16
  9768 | D:7      | Found a basalt altar of Yredelemnul.
 10105 | D:7      | Found a staircase to the Ecumenical Temple.
 10139 | Temple   | Entered the Ecumenical Temple
 10201 | Temple   | Became a worshipper of Makhleb the Destroyer
 10628 | D:8      | Noticed a cyan ugly thing
 10649 | D:8      | Killed a cyan ugly thing
 11087 | D:8      | Reached * piety under Makhleb
 11088 | D:8      | Reached skill level 5 in Spellcasting
 11245 | D:8      | Learned a level 3 spell: Ozocubu's Armour
 11273 | D:8      | Learned a level 2 spell: Song of Slaying
 11654 | D:8      | Found a sparkling altar of Nemelex Xobeh.
 11654 | D:8      | Noticed Jessica
 11657 | D:8      | Killed Jessica
 11793 | D:8      | Reached skill level 1 in Charms
 11814 | D:8      | Reached skill level 1 in Ice Magic
 12185 | D:9      | Found a staircase to the Lair.
 12284 | D:9      | Found a hide-covered altar of Uskayaw.
 12285 | D:9      | Found a shimmering blue altar of Sif Muna.
 12287 | D:9      | Found a radiant altar of Vehumet.
 12296 | D:9      | Reached ** piety under Makhleb
 12341 | D:9      | Found an ornate altar of the Wu Jian Council.
 12441 | D:9      | Found Vuboonio's Armour Shoppe.
 12498 | D:9      | Reached skill level 1 in Invocations
 13020 | D:10     | Entered Level 10 of the Dungeon
 13084 | D:10     | Identified the +4 mace of Leiqe {vorpal, +Inv Str+4}
 13189 | D:10     | Noticed a two-headed ogre
 13214 | D:10     | Killed a two-headed ogre
 13214 | D:10     | Reached XP level 11. HP: 83/95 MP: 14/18
 13286 | D:10     | Identified the Incunabulum of Earthen Self-Improvement
 14450 | D:11     | Found a staircase to the Orcish Mines.
 14634 | D:11     | Noticed Josephine
 14670 | D:11     | Killed Josephine
 14886 | D:11     | Noticed a brown ugly thing
 14893 | D:11     | Killed a brown ugly thing
 15228 | D:11     | Noticed a skeletal warrior
 15228 | D:11     | Noticed a skeletal warrior
 15228 | D:11     | Noticed a skeletal warrior
 15307 | D:10     | Killed a skeletal warrior
 15602 | D:10     | Slain by a skeletal warrior

Illustrated notes

Levels and vault maps discovered:
D:1:      dpeg_arrival_short_road, layout_rooms, fountainhead,
          minmay_stone_trees_small
D:2:      layout_loops_ring, grunt_temple_overflow_gold_and_silver,
          roderic_serpentine_path, nicolae_ru_awakened_eye
D:3:      layout_basic, lemuel_coloured_pillars_altar, gammafunk_ghost_smash,
          first_ration
D:4:      layout_rooms, fedhas_altar_2, gammafunk_ghost_split,
          gup_ossuary_entry_pyramid, lightli_corner_chamber, uniq_edmund
D:5:      layout_basic, uniq_prince_ribbit1, uniq_menkaure, uniq_duvessa
D:6:      layout_basic, okawaru_gym_becter, basic_altar, serial_bayou_pond_d
D:7:      layout_cave_pods, kennysheep_mini, lemuel_doored_altar,
          overflow_temple_1_default, kennysheep_mini_moat,
          minmay_temple_entry_hall, the_bakery
D:8:      layout_rooms, nemelex_lonely_heart_becter
D:9:      layout_rooms, old_standard_altar,
          chequers_temple_overflow_statue_of_worship, erik_lair_orcish_takeover,
          serial_shops, nicolae_shop_behind_doors
D:10:     layout_roguey
D:11:     layout_rooms, david_orc_3, minmay_crystal_room,
          chequers_serial_rivers_room_a, uniq_nergalle, uniq_josephine
Temple:   jpeg_temple_island

Skill      XL: |  1  2  3  4  5  6  7  8  9 10 11 |
---------------+----------------------------------+-----
Fighting       | 2 3 4 5 7 8 9 |  9.3
Poison Magic   | 1 2 3 |  3.0
Transmutations | 3 4 5 7 8 |  8.9
Unarmed Combat | 4 5 7 8 9 |  9.0
Spellcasting   | 3 4 5 |  5.4
Dodging        | 4 5 |  5.8
Charms         | 3 |  3.4
Ice Magic      | 2 |  2.5
Invocations    | 1 2 |  2.8

Action                   |  1- 3 |  4- 6 |  7- 9 | 10-12 || total
-------------------------+-------+-------+-------+-------++-------
Melee: Unarmed           |    95 |   297 |   263 |   383 ||  1038
       Kick              |     7 |    25 |    27 |    14 ||    73
       Tailslap          |     8 |    40 |    18 |    52 ||   118
       Headbutt          |    10 |    12 |    22 |    44 ||    88
       Punch             |     1 |     4 |     5 |     8 ||    18
 Cast: Beastly Appendage |    18 |    26 |    44 |    48 ||   136
       Sticks to Snakes  |     1 |       |     1 |       ||     2
       Spider Form       |       |     4 |     3 |       ||     7
       Ozocubu's Armour  |       |       |       |    12 ||    12
       Blade Hands       |       |       |       |     1 ||     1
Invok: Minor Destruction |       |       |       |     1 ||     1
 Abil: End Transformatio |       |     1 |       |       ||     1
       Breathe Fire      |       |       |    27 |    33 ||    60
  Use: Scroll            |       |     2 |     7 |     6 ||    15
 Stab: Sleeping          |     3 |     1 |     1 |     2 ||     7
       Distracted        |       |     2 |     1 |       ||     3
  Eat: Chunk             |     2 |     8 |    18 |    25 ||    53
       Ration            |       |     1 |       |     1 ||     2
Armor: Skin              |    15 |    77 |    47 |    95 ||   234
Dodge: Dodged            |    42 |   187 |   197 |   295 ||   721

Table legend:
 A = Non-vault XP
 B = Vault XP
 C = Vault XP percentage of total XP
 D = Non-vault monster count
 E = Vault monster count
 F = Vault count percentage of total count
                 A         B        C        D         E       F
            +---------+---------+-------+---------+---------+-------
      Total |   11269 |    4319 |  27.7 |     230 |      67 |  22.6
            +---------+---------+-------+---------+---------+-------
        D:1 |      40 |       0 |   0.0 |      19 |       0 |   0.0
        D:2 |      96 |       0 |   0.0 |      24 |       0 |   0.0
        D:3 |     122 |     469 |  79.4 |      19 |       4 |  17.4
        D:4 |     594 |     479 |  44.6 |      29 |       3 |   9.4
        D:5 |     394 |     665 |  62.8 |      12 |       4 |  25.0
        D:6 |     863 |       0 |   0.0 |      24 |       0 |   0.0
        D:7 |    2094 |     215 |   9.3 |      26 |       1 |   3.7
        D:8 |    2353 |     370 |  13.6 |      40 |       4 |   9.1
        D:9 |     870 |     251 |  22.4 |      15 |       5 |  25.0
       D:10 |    3124 |     605 |  16.2 |      18 |       5 |  21.7
       D:11 |     719 |    1133 |  61.2 |       4 |       2 |  33.3
    Ossuary |       0 |     132 | 100.0 |       0 |      39 | 100.0
            +---------+---------+-------+---------+---------+-------
